Map: Valle del ocaso EE

Players

MrFercho - Winner!

  • Race: Zerg Zerg
  • Spawn Location: 12:00

tigro

  • Race: Terran Terran
  • League: Silver
  • Spawn Location: 5:00

VOD

Have the link to the VOD?

Description

Time

  • Played on: Aug. 9, 2019, 11:50 p.m.
  • Length: 22:14
Show
View Real Time Build Order
Export as new Build Order

MrFercho Zerg - Winner!

Build Orders: 1 Base Baneling Bust, Pool First 

Get SALT Encoding   

  12  0:03  Drone  
  13  0:18  Overlord  
  14  0:21  Drone  
  14  0:28  Extractor  
  14  0:32  Drone  
  14  0:35  Overlord  
  14  0:46  Drone  
  15  0:59  Drone  
  16  1:06  Spawning Pool  
  15  1:13  Drone  
  16  1:24  Drone x2  
  18  1:43  Extractor  
  17  1:50  Drone  
  17  1:51  Drone, Evolution Chamber  
  18  1:55  Queen  
  18  2:01  Zergling x2  
  21  2:11  Zergling x2  
  22  2:22  Zergling x2  
  23  2:25  Zerg Melee Weapons Level 1  
  23  2:26  Metabolic Boost  
  23  2:31  Zergling x2  
  24  2:48  Drone  
  25  3:05  Drone x2  
  27  3:07  Lair  
  27  3:29  Roach Warren  
  26  3:38  Evolution Chamber, Drone x3  
  24  4:46  Roach  
  24  4:47  Roach x2  
  30  4:56  Burrow  
  30  5:00  Zerg Ground Armor Level 1, Zerg Melee Weapons Level 2  
  30  5:20  Glial Reconstitution  
  30  5:22  Baneling Nest  
  29  5:30  Zergling x2  
  29  5:31  Overlord  
  29  5:32  Overlord  
  29  5:34  Overlord  
  30  5:57  Drone x2  
  30  5:58  Drone  
  33  6:08  Pneumatized Carapace  
  33  6:11  Zergling x4  
  33  6:12  Zergling x2  
  36  6:26  Drone x2  
  38  6:39  Tunneling Claws  
  38  6:54  Zerg Missile Weapons Level 1  
  38  6:58  Hatchery  
  37  7:04  Extractor  
  37  7:05  Extractor  
  37  7:07  Zergling x8  
  37  7:08  Zergling x4  
  41  7:15  Zerg Ground Armor Level 2  
  41  7:23  Queen  
  41  7:28  Drone  
  44  7:43  Drone x3  
  37  11:03  Roach  
  37  11:04  Roach x3  
  39  11:15  Drone x3  
  42  11:32  Zerg Missile Weapons Level 2  
  42  11:33  Centrifical Hooks  
  42  11:45  Zergling x8  
  42  11:46  Zergling x2  
  47  12:04  Spire  
  46  12:15  Drone x4  
  49  12:17  Spire  
  49  12:19  Spire  
  49  12:22  Drone  
  49  12:23  Drone x2  
  49  12:24  Lair  
  51  12:47  Hydralisk Den  
  51  12:48  Drone x3  
  51  12:49  Drone x2  
  55  12:52  Infestation Pit  
  55  12:58  Ravager  
  55  13:01  Ravager  
  55  13:02  Ravager  
  57  13:13  Drone  
  57  13:14  Zergling x4  
  57  13:19  Overlord  
  60  13:32  Overlord x3  
  60  13:37  Queen  
  62  13:43  Zerg Flyer Weapons Level 1  
  62  13:44  Zerg Flyer Armor Level 1  
  62  14:09  Hive  
  62  14:15  Mutalisk x3  
  68  14:49  Hatchery  
  67  14:53  Extractor  
  67  14:55  Extractor  
  65  15:16  Extractor  
  65  15:17  Extractor  
  56  15:56  Zerg Flyer Weapons Level 2, Greater Spire x2  
  56  16:01  Zerg Melee Weapons Level 3  
  56  16:02  Zerg Missile Weapons Level 3  
  56  16:05  Pathogen Glands  
  56  16:31  Corruptor  
  56  16:32  Corruptor x2  
  62  16:44  Zergling x4  
  62  16:45  Zergling x2  
  65  17:01  Neural Parasite  
  65  17:11  Brood Lord x2  
  65  17:12  Brood Lord  
  58  18:03  Drone x3  
  61  18:12  Zerg Flyer Armor Level 2  
  61  18:14  Drone x2  
  61  18:16  Mutalisk x3  
  69  18:23  Mutalisk x3  
  75  18:29  Overlord x2  
  75  18:31  Hydralisk  
  77  18:38  Zerg Ground Armor Level 3  
  77  18:58  Roach  
  70  19:54  Zergling x6  
  73  20:06  Zergling x2  
  73  20:07  Zergling x12  
  76  20:08  Zergling x10  
  85  20:19  Ultralisk Cavern  
  85  20:21  Ultralisk Cavern  
Show
View Real Time Build Order
Export as new Build Order

tigro Terran 

Build Orders:  

Get SALT Encoding   

  12  0:03  SCV  
  13  0:15  SCV  
  13  0:21  Supply Depot  
  14  0:33  SCV  
  15  0:45  SCV  
  16  0:57  SCV  
  16  1:00  Barracks  
  16  1:03  Refinery  
  17  1:10  Refinery  
  17  1:26  Engineering Bay  
  17  1:30  SCV  
  18  1:42  SCV  
  19  1:51  Marine  
  20  1:54  SCV  
  20  1:55  Supply Depot  
  21  2:06  SCV  
  22  2:09  Marine  
  22  2:11  Barracks  
  23  2:18  SCV  
  24  2:27  Marine  
  25  2:36  Factory  
  25  2:42  Orbital Command  
  25  2:45  Marine  
  25  2:48  Terran Infantry Weapons Level 1  
  26  3:00  Barracks Tech Lab  
  26  3:03  Marine  
  27  3:20  Marine  
  28  3:38  Marine  
  29  3:45  Command Center  
  28  3:56  Marine  
  28  3:59  Marine  
  26  4:16  Marine  
  22  4:29  Barracks Tech Lab  
  19  4:34  Marine  
  17  4:50  SCV  
  17  4:52  Marine  
  19  4:59  Planetary Fortress  
  19  5:02  SCV  
  20  5:10  Marine  
  20  5:11  Marine  
  22  5:14  SCV  
  23  5:26  SCV  
  26  5:28  Marauder  
  26  5:29  Marine  
  26  5:30  Missile Turret  
  26  5:33  Combat Shield  
  27  5:47  Marine  
  30  5:50  Marauder  
  30  6:00  Missile Turret  
  30  6:05  Marine  
  33  6:11  Marauder  
  33  6:15  Terran Infantry Armor Level 1  
  33  6:20  Factory Tech Lab  
  33  6:41  Siege Tank  
  36  6:49  Armory  
  36  7:02  SCV  
  37  7:13  Siege Tank  
  37  7:14  SCV  
  41  7:26  SCV  
  42  7:31  Missile Turret  
  42  7:38  SCV  
  42  7:39  Starport  
  43  7:45  Siege Tank  
  43  7:50  SCV  
  35  8:09  Neosteel Armor  
  35  8:10  Marine  
  24  8:35  Starport Tech Lab  
  9  9:33  Supply Depot  
  5  10:17  Barracks  
  5  10:24  Refinery  
  5  10:35  SCV  
  6  10:48  SCV  
  5  11:00  SCV  
  6  11:07  Marine  
  7  11:12  SCV  
  8  11:24  SCV  
  9  11:25  Marine  
  9  11:32  Command Center  
  10  11:38  Refinery  
  10  11:43  Marine  
  11  11:53  Engineering Bay  
  11  12:01  Marine  
  12  12:14  SCV  
  13  12:19  Marine  
  14  12:26  SCV  
  15  12:34  Missile Turret  
  15  12:37  Marine  
  15  12:38  SCV  
  17  12:50  SCV  
  18  12:52  Factory  
  18  12:54  Marine  
  19  13:02  SCV  
  19  13:03  Supply Depot  
  19  13:05  Hi-Sec Auto Tracking  
  20  13:12  Marine  
  21  13:30  Marine  
  22  13:35  Missile Turret  
  22  13:43  Factory Tech Lab  
  22  13:48  Marine  
  23  14:08  Missile Turret  
  23  14:22  Barracks Tech Lab  
  23  14:43  Starport  
  23  14:51  SCV  
  24  15:11  Orbital Command  
  18  15:37  Marine  
  15  15:55  Marine  
  15  16:13  Marine  
  16  16:31  Marine  
  17  16:48  Marine  
  17  17:06  Marine  
  15  17:24  Marine  
  15  17:42  Marine  
  16  18:00  Marine  
  17  18:18  Stimpack, Marine  
  18  18:35  Marine  
  18  18:37  Missile Turret  
  19  18:53  Marine  
  20  19:12  Marauder  
  22  19:24  Missile Turret  
  22  19:33  Marauder  
  18  19:54  Marauder  
  14  20:15  Marine  
  14  20:20  Command Center  
  1  21:47  Supply Depot  
Tags
 
Add a new tag
Caveats
  • Supply blocks, unpowered buildings, or Contaminate may cause inaccurate times.
  • Supply counts are checked every 10 seconds.